 Dungeon Crawl Stone Soup version 0.21-a0-286-g6fcecc0 (webtiles) character file.

39 Ijustatesigmund the Skirmisher (level 3, -1/26 HPs)
             Began as an Octopode Fighter on Sept 28, 2017.
             Succumbed to an adder's poison
             ... on level 2 of the Dungeon.
             The game lasted 00:02:01 (963 turns).

Ijustatesigmund the Skirmisher (Octopode Fighter)    Turns: 963, Time: 00:02:01

Health: -1/26      AC:  1    Str: 15    XL:     3   Next: 47%
Magic:  3/3        EV: 11    Int: 10    God:
Gold:   65         SH:  8    Dex: 12    Spells: 2/2 levels left

rFire    . . .     SeeInvis .   a - +1 flail
rCold    . . .     Gourm    .   b - +0 shield
rNeg     . . .     Faith    .   (helmet restricted)
rPois    .         Spirit   .   (no amulet)
rElec    .         Reflect  .   (no ring)
rCorr    .         Harm     .   (no ring)
MR       .....                  (no ring)
Stlth    ++........             (no ring)
HPRegen  0.08/turn              (no ring)
MPRegen  0.08/turn              (no ring)
                                (no ring)
                                (no ring)

@: lethally poisoned (-1 -> -17)
A: almost no armour, stealthy swim, amphibious, 8 rings, constrict 8, camouflage
1, gelatinous body 1
a: no special abilities


You were on level 2 of the Dungeon.
You were not hungry.

You visited 1 branch of the dungeon, and saw 2 of its levels.

You collected 65 gold pieces.

Inventory:

Hand Weapons
 a - a +1 flail (weapon)
Missiles
 f - 7 tomahawks (quivered)
Armour
 b - a +0 shield (worn)
Scrolls
 c - a scroll of amnesia
 h - 3 scrolls of identify
Potions
 e - a potion of cancellation
 g - a potion of brilliance
Comestibles
 d - a bread ration
 i - 4 chunks of flesh
 j - a meat ration


   Skills:
 + Level 3.5 Fighting
 * Level 3.2 Maces & Flails
 - Level 3.0 Dodging
 - Level 3.0 Shields


You had 2 spell levels left.
You didn't know any spells.

Dungeon Overview and Level Annotations

Branches:
Dungeon (2/15)

Altars:


Innate Abilities, Weirdness & Mutations

You cannot wear most types of armour.
You are very stealthy in the water. (Stealth+)
You are amphibious.
You can wear up to eight rings at the same time.
You can use your tentacles to constrict eight enemies at once.
Your skin changes colour to match your surroundings (Stealth+).
Your rubbery body absorbs attacks. (AC +1, EV +1)


Message History

You hit the goblin.
You kill the goblin!
You feel sick.
Okay, then.
You barely miss the adder. You grab the adder. You constrict the adder.
You feel sick. You block the adder's attack. The adder bites you.
* * * LOW HITPOINT WARNING * * *
You are more poisoned.
The adder poisons you!
You hit the adder.
The adder is moderately wounded.
You constrict the adder.
* * * LOW HITPOINT WARNING * * *
You feel sick. The adder closely misses you. The adder bites you.
* * * LOW HITPOINT WARNING * * *
You are more poisoned.
The adder poisons you!
You barely miss the adder. You squeeze the adder.
You kill the adder!
You die...

#................
#...............<
######.......[##
##........#
#.#.#.##.#
#.#.#.# . #.#)# #
#.#.# #.#@# #.#)#
#.#s# (.. ...
..... ..?..
.......


You could see a giant cockroach.

Vanquished Creatures
  A gnoll (D:1)
  An adder (D:2)
  A dart slug (D:1)
  A leopard gecko (D:1)
  A bat (D:1)
  2 hobgoblins (D:1)
  2 kobolds
  A frilled lizard (D:2)
  7 goblins
17 creatures vanquished.

Notes
Turn   | Place    | Note
-------+----------+-------------------------------------------
     0 | D:1      | Ijustatesigmund the Octopode Fighter began the quest for the Orb.
     0 | D:1      | Reached XP level 1. HP: 16/16 MP: 1/1
   222 | D:1      | Reached XP level 2. HP: 1/21 MP: 2/2
   905 | D:2      | Reached XP level 3. HP: 26/26 MP: 3/3
   962 | D:2      | HP: 1/26 [adder (5)]
   963 | D:2      | Succumbed to an adder's poison

Vault maps used:
D:1:      sevenhm_arrival_forest_fort_small_3
D:2:      marbit_many_paths, lemuel_blue_sif_altar

Skill      XL: |  1  2  3 |
---------------+----------+-----
Maces & Flails | 3 |  3.2
Fighting       | |  3.5
Dodging        | |  3.0
Shields        | |  3.0

Action                   || total
-------------------------++-------
Melee: Flail             ||    28
       Constrict         ||     9
       Tentacles         ||     4
  Use: Scroll            ||    10
       Potion            ||     1
 Stab: Sleeping          ||     2
Dodge: Dodged            ||    14
Block: Shield            ||     9

Table legend:
 A = Spawn XP
 B = Non-spawn XP
 C = Spawn XP percentage of total XP
 D = Spawn monster count
 E = Non-spawn monster count
 F = Spawn count percentage of total count
 G = Total turns spent on level
                    A         B        C        D         E        F      G
               +---------+---------+-------+---------+---------+-------+---------
         Total |       0 |      57 |   0.0 |       0 |      17 |   0.0 |   963
               +---------+---------+-------+---------+---------+-------+---------
           D:1 |       0 |      30 |   0.0 |       0 |       8 |   0.0 |   893
           D:2 |       0 |      27 |   0.0 |       0 |       9 |   0.0 |    70
               +---------+---------+-------+---------+---------+-------+---------
